Map: Zen LE

Players

DPGPartinG (PartinG)

  • Race: Protoss Protoss
  • League: Grandmaster
  • Spawn Location: 7:00

JinairRogue (Rogue) - Winner!

  • Race: Zerg Zerg
  • Spawn Location: 1:00

VOD

Have the link to the VOD?

Description

Time

  • Played on: Jan. 16, 2020, 6:57 a.m.
  • Length: 3:51
Show
View Real Time Build Order
Export as new Build Order

DPGPartinG Protoss 

Build Orders:  

Get SALT Encoding   

  12  0:01  Probe  
  13  0:13  Probe  
  14  0:17  Pylon  
  14  0:25  Probe (Chrono Boost)  
  15  0:37  Probe (Chrono Boost), Gateway  
  16  0:45  Probe (Chrono Boost)  
  16  0:46  Assimilator  
  17  0:51  Probe  
  18  1:00  Forge  
  18  1:03  Probe  
  19  1:13  Pylon  
  19  1:16  Probe  
  20  1:26  Cybernetics Core  
  21  1:33  Photon Cannon  
  21  1:37  Probe  
  21  1:47  Photon Cannon  
  21  1:58  Pylon  
  21  2:06  Robotics Facility  
  21  2:11  Pylon  
  21  2:22  Shield Battery  
  21  2:30  Shield Battery  
  21  2:34  Photon Cannon  
  21  2:42  Photon Cannon  
  20  2:53  Observer (Chrono Boost)  
  21  2:58  Pylon  
  21  3:01  Gateway  
  21  3:10  Immortal (Chrono Boost)  
  25  3:24  Shield Battery  
  25  3:31  Gateway  
Show
View Real Time Build Order
Export as new Build Order

JinairRogue Zerg - Winner!

Build Orders: Pool Only, Ravager All-In 

Get SALT Encoding   

  12  0:00  Drone  
  13  0:12  Overlord  
  13  0:17  Drone  
  14  0:30  Drone x2  
  14  0:34  Drone  
  17  0:44  Extractor  
  17  0:45  Drone  
  17  0:49  Spawning Pool  
  16  0:55  Drone  
  17  1:06  Drone  
  18  1:18  Drone  
  18  1:22  Extractor  
  18  1:36  Queen, Roach Warren  
  18  1:38  Zergling x4, Spine Crawler  
  20  1:48  Overlord  
  20  2:10  Overlord  
  20  2:16  Roach  
  20  2:22  Roach  
  24  2:32  Roach  
  24  2:36  Ravager  
  27  2:42  Ravager  
  28  2:44  Roach  
  30  2:53  Ravager  
  30  2:54  Roach x2  
  35  3:06  Ravager  
  35  3:07  Overlord  
  35  3:23  Roach  
  37  3:30  Ravager  
  37  3:31  Roach x2  
  42  3:42  Ravager  
Tags
 
Add a new tag
Caveats
  • Supply blocks, unpowered buildings, or Contaminate may cause inaccurate times.
  • Supply counts are checked every 10 seconds.